 Dungeon Crawl Stone Soup version 0.31.0-9-g3a7656b989 (webtiles) character file.

Game seed: 15323707188205965095

35 qw the Shooter (level 3, 0/18 HPs)
             Began as a Spriggan Hunter on Feb 2, 2024.
             Slain by a goblin
             ... wielding a +0 dagger
             ... led by Robin
              (2 damage)
             ... on level 2 of the Dungeon.
             The game lasted 00:00:02 (453 turns).

qw the Shooter (Spriggan Hunter)                     Turns: 453, Time: 00:00:03

Health: 0/18       AC:  2    Str:  7    XL:     3   Next: 16%
Magic:  4/4        EV: 19    Int: 10    God:
Gold:   76         SH:  0    Dex: 20    Spells: 2/2 levels left

rFire   . . .        a - +0 shortbow
rCold   . . .        (shield currently unavailable)
rNeg    . . .        c - +0 robe
rPois   .            (helmet restricted)
rElec   .            (no cloak)
rCorr   .            (gloves unavailable)
SInv    +            (boots unavailable)
Will    .....        (no amulet)
Stlth   ++           (no ring)
HPRegen 0.23/turn    (no ring)
MPRegen 0.09/turn

%: no passive effects
@: very quick
A: very small, no large weapons, unfitting armour, see invisible, speed 3
a: no special abilities


You were on level 2 of the Dungeon.
You visited 1 branch of the dungeon, and saw 2 of its levels.

You collected 76 gold pieces.


Innate Abilities, Weirdness & Mutations

You are very small and have problems with some larger weapons.
You are too small for most types of armour.
You have supernaturally acute eyesight. (SInv)
You cover ground extremely quickly. (Speed+++)


   Skills:
 - Level 1.5 Fighting
 + Level 4.5 Ranged Weapons
 - Level 4.0 Dodging
 - Level 1.5 Stealth


You had 2 spell levels left.
You didn't know any spells.
Your spell library was empty.

Inventory:

Hand Weapons
 a - a +0 shortbow (weapon)
Armour
 c - a +0 robe (worn)
Potions
 b - a potion of curing
 f - a potion of haste {unknown}
 g - a potion of brilliance {unknown}

Dungeon Overview and Level Annotations

Branches:
Dungeon (2/15)

Altars:

Annotations:
D:2 Robin


Message History

The goblins go into a battle-frenzy!
The goblin shoots a sling bullet.
The sling bullet closely misses you.
You shoot an arrow. The arrow closely misses the goblin.
The goblin shouts!
You hear a bark!
A jackal comes into view.
A goblin comes into view. It is wielding a +0 club.
Robin throws the goblin at you!
A goblin comes into view. It is wielding a +0 dagger.
The goblin shoots a sling bullet.
The sling bullet closely misses you.
You shoot an arrow. The arrow hits the goblin!
You kill the goblin!
A jackal comes into view.
A goblin comes into view. It is wielding a +0 dagger.
Robin says, "My goblins will feast on your bones."
Robin throws the goblin at you!
A jackal comes into view.
You shoot an arrow. The arrow closely misses the goblin.
A goblin comes into view. It is wielding a +0 mace.
The goblin hits you with a +0 dagger. The goblin misses you.
You shoot an arrow. The arrow hits the goblin.
You kill the goblin!
The goblin completely misses you. x2
You shoot an arrow. The arrow misses the goblin.
The goblin hits you with a +0 dagger. The goblin barely misses you.
The goblin shoots a sling bullet.
The sling bullet completely misses you.
You shoot an arrow. The arrow barely misses the goblin.
The jackal misses you. The goblin misses you.
The goblin hits you with a +0 dagger. The goblin misses you.
Robin throws the goblin at you! The jackal closely misses you.
You shoot an arrow. The arrow barely misses the goblin.
The goblin closely misses you. The goblin hits you with a +0 club.
The goblin misses you. The jackal completely misses you.
The goblin barely misses you. The goblin misses you.
You shoot an arrow. The arrow hits the goblin.
You kill the goblin!
The jackal barely misses you. The goblin hits you with a +0 club.
The goblin hits you but does no damage. The goblin closely misses you.
The goblin hits you with a +0 dagger.
You die...

#. #...#... #.
....#.# #
#.####.....#.#
#..........#.#%
#..............
##..............
#...<...........
#.7~~P7.g)g.....
#.~7.PPg@ggh.)..
##.[~~..ghh.....
####....g......
###.........
#.........
#.........
#.........
##........


You could see Robin, 3 jackals and 6 goblins.

Vanquished Creatures
  A dart slug (D:1)
  2 ball pythons (D:1)
  2 bats (D:1)
  A giant cockroach (D:2)
  8 goblins
  2 hobgoblins
  6 jackals (D:1)
  2 kobolds (D:1)
  2 quokkas (D:1)
  4 rats (D:1)
30 creatures vanquished.

Notes
Turn   | Place    | Note
-------+----------+-------------------------------------------
     0 | D:1      | qw the Spriggan Hunter began the quest for the Orb.
     0 | D:1      | Reached XP level 1. HP: 10/10 MP: 2/2
     0 | D:1      | 0 ||| qw: Version: 0.3-a-155-g5e7d8dd
     0 | D:1      | 0 ||| qw: Game counter: 2780
     0 | D:1      | 0 ||| qw: Melee chars always use a shield: true
     0 | D:1      | 0 ||| qw: God list: Okawaru
     0 | D:1      | 0 ||| qw: Allow faded altars: false
     0 | D:1      | 0 ||| qw: Do Orc after clearing Dungeon:15 true
     0 | D:1      | 0 ||| qw: Do second Lair branch before Depths: true
     0 | D:1      | 0 ||| qw: Lair rune preference: random
     0 | D:1      | 0 ||| qw: Goals: Normal
     0 | D:1      | 0 ||| PLANNING D:1-11
    21 | D:1      | 21 ||| DROPPING scroll of butterflies.
    31 | D:1      | Reached skill level 3 in Dodging
    45 | D:1      | Reached XP level 2. HP: 14/14 MP: 3/3
   238 | D:1      | Reached XP level 3. HP: 18/18 MP: 4/4
   350 | D:1      | 350 ||| READING scroll labelled NUWKO ROOHUU.
   351 | D:1      | 351 ||| READING scroll labelled NAYL NUIPTA.
   352 | D:1      | 352 ||| READING scroll labelled DOURHU XAGIDYR.
   353 | D:1      | 353 ||| READING 2 scrolls labelled TETRIATAUSAR.
   354 | D:1      | 354 ||| DRINKING 2 bubbling orange potions.
   355 | D:1      | 355 ||| DROPPING scroll of fear.
   357 | D:1      | 357 ||| Stepping ~*~*~tactically~*~*~ (cloud).
   364 | D:1      | HP: 4/18 [poisoned by you (poison gas)]
   444 | D:2      | Noticed Robin
   452 | D:2      | HP: 4/18 [goblin/+0 club[Robin] (5)]
   453 | D:2      | Slain by a goblin

Levels and vault maps discovered:
D:1:      lightli_arrival_isolated_outpost, layout_rooms
D:2:      layout_rooms, corexii_shack, serial_bayou_pond_e, uniq_robin

Skill      XL: |  1  2 |
---------------+-------+-----
Dodging        | 3 4 |  4.0
Fighting       | |  1.5
Ranged Weapons | |  4.5
Stealth        | |  1.5

Action                     || total
---------------------------++-------
   Fire: Shortbow          ||    67
    Use: Scroll            ||     4
         Potion            ||     1
 Armour: Robe              ||    12
  Dodge: Dodged            ||    36

Table legend:
 A = Non-vault XP
 B = Vault XP
 C = Vault XP percentage of total XP
 D = Non-vault monster count
 E = Vault monster count
 F = Vault count percentage of total count
                 A         B        C        D         E       F
            +---------+---------+-------+---------+---------+-------
      Total |      43 |       9 |  17.3 |      25 |       5 |  16.7
            +---------+---------+-------+---------+---------+-------
        D:1 |      41 |       0 |   0.0 |      24 |       0 |   0.0
        D:2 |       2 |       9 |  81.8 |       1 |       5 |  83.3
            +---------+---------+-------+---------+---------+-------
